Map: Ultralove

Players

LiquidElazer (Elazer)

  • Race: Zerg Zerg
  • Spawn Location: 7:00

Geralt (Gerald) - Winner!

  • Race: Protoss Protoss
  • League: Grandmaster
  • Spawn Location: 1:00

Event: HomeStory Cup XXVII

VOD

Have the link to the VOD?

Description

Time

  • Played on: June 28, 2025, 9:51 a.m.
  • Length: 8:30

All games in this series

Show
View Real Time Build Order
Export as new Build Order

LiquidElazer Zerg 

Build Orders: Hatch First 

Get SALT Encoding   

  12  0:00  Drone  
  13  0:07  Drone  
  13  0:14  Drone, Extractor  
  15  0:22  Overlord  
  15  0:40  Drone  
  16  0:45  Hatchery  
  16  0:48  Drone  
  16  0:52  Drone  
  16  0:56  Drone  
  18  1:11  Extractor  
  17  1:14  Drone, Spawning Pool  
  17  1:17  Drone  
  18  1:26  Drone  
  19  1:37  Drone  
  20  1:47  Drone  
  21  2:01  Drone, Queen x2  
  26  2:04  Zergling x2  
  27  2:09  Drone, Overlord  
  27  2:13  Metabolic Boost  
  28  2:27  Zergling x2  
  28  2:28  Drone  
  30  2:30  Drone  
  30  2:32  Drone  
  30  2:36  Queen  
  34  2:43  Drone, Overlord  
  35  2:52  Hatchery  
  35  2:55  Zergling x2  
  35  2:56  Zergling x2  
  36  3:04  Overlord  
  36  3:06  Drone  
  36  3:08  Drone x3  
  36  3:11  Drone x2  
  42  3:13  Drone  
  42  3:16  Drone  
  42  3:18  Overlord  
  44  3:26  Overlord  
  44  3:29  Spore Crawler  
  44  3:30  Spore Crawler  
  42  3:34  Drone  
  42  3:36  Drone  
  42  3:39  Drone  
  42  3:40  Spore Crawler  
  44  3:43  Drone x4  
  44  3:47  Drone x2  
  50  3:49  Drone  
  50  3:51  Drone  
  52  4:01  Extractor  
  52  4:02  Roach Warren  
  50  4:04  Drone x3  
  53  4:11  Drone x2  
  53  4:14  Drone  
  56  4:19  Drone x3  
  56  4:23  Drone  
  60  4:24  Drone x4  
  60  4:26  Drone  
  65  4:34  Overlord  
  65  4:35  Overlord  
  65  4:38  Overlord  
  65  4:42  Extractor  
  64  4:46  Overlord x2  
  64  4:56  Roach x7  
  64  4:59  Roach x3  
  84  5:01  Roach  
  84  5:05  Roach  
  88  5:07  Overlord  
  88  5:16  Roach  
  88  5:17  Roach  
  92  5:23  Roach  
  92  5:28  Roach x5  
  103  5:32  Zergling x8  
  107  5:36  Zergling x2  
  107  5:39  Zergling x2  
  107  5:41  Ravager  
  110  5:49  Zergling x4  
  105  5:50  Zergling x8  
  100  5:57  Zergling x2  
  100  5:58  Zergling x2  
  100  6:01  Zergling x2  
  100  6:02  Queen x3  
  100  6:03  Ravager  
  101  6:05  Ravager x2  
  99  6:11  Zergling x6  
  99  6:16  Zergling x2  
  100  6:20  Zergling x4  
  96  6:28  Zergling x2  
  79  6:47  Roach  
  79  6:48  Roach x5  
  82  6:54  Roach x2  
  79  7:05  Roach  
  79  7:06  Roach x2  
  75  7:12  Roach x7  
  86  7:17  Zergling x10  
  91  7:23  Overlord  
  91  7:28  Zergling x2, Ravager  
  91  7:29  Zergling x2  
  92  7:34  Zergling x2, Hatchery  
  92  7:40  Ravager  
  92  7:41  Zergling x4  
  95  7:47  Zergling x20  
  95  7:48  Ravager  
  106  7:52  Zergling x4  
  103  7:59  Zergling x4, Ravager  
  103  8:05  Zergling x2  
Show
View Real Time Build Order
Export as new Build Order

Geralt Protoss - Winner!

Build Orders: 1 Gate Expand, Oracle Opening 

Get SALT Encoding   

  12  0:00  Probe  
  13  0:12  Probe  
  14  0:19  Pylon  
  14  0:24  Probe  
  15  0:33  Probe  
  15  0:40  Gateway  
  15  0:41  Probe  
  16  0:48  Assimilator  
  17  0:52  Probe  
  18  1:04  Probe  
  19  1:17  Probe  
  20  1:26  Nexus  
  20  1:29  Probe  
  21  1:38  Cybernetics Core  
  21  1:42  Probe  
  21  1:46  Assimilator  
  22  1:53  Pylon  
  22  1:55  Probe  
  23  2:05  Adept  
  23  2:11  Probe  
  26  2:22  Stargate  
  26  2:23  Probe, Stalker  
  27  2:35  Probe  
  30  2:40  Probe  
  31  2:44  Warp Gate  
  31  2:47  Probe  
  32  2:52  Probe, Adept  
  35  2:59  Probe  
  35  3:03  Oracle  
  35  3:04  Probe  
  37  3:11  Probe  
  38  3:16  Probe  
  42  3:23  Probe  
  43  3:28  Probe  
  43  3:30  Nexus  
  43  3:31  Pylon  
  44  3:35  Probe  
  44  3:40  Twilight Council  
  45  3:49  Probe  
  45  3:51  Probe  
  47  4:00  Oracle  
  47  4:01  Probe  
  47  4:02  Pylon  
  51  4:03  Probe  
  51  4:08  Blink  
  52  4:13  Probe  
  52  4:15  Pylon  
  53  4:17  Assimilator  
  53  4:25  Probe  
  53  4:28  Probe  
  55  4:37  Probe  
  56  4:39  Gateway x2  
  56  4:40  Forge  
  56  4:41  Probe  
  56  4:42  Gateway, Probe  
  56  4:43  Adept  
  60  4:50  Probe  
  61  4:53  Probe  
  61  4:54  Probe  
  63  5:00  Pylon  
  63  5:02  Probe  
  63  5:04  Protoss Ground Weapons Level 1, Shield Battery  
  63  5:05  Probe, Adept  
  63  5:06  Probe  
  68  5:14  Probe  
  69  5:17  Probe  
  69  5:18  Probe  
  71  5:23  Pylon  
  72  5:28  Gateway  
  72  5:30  Shield Battery  
  72  5:32  Stalker  
  72  5:34  Stalker  
  76  5:37  Stalker x2  
  76  5:39  Shield Battery  
  76  5:40  Pylon  
  77  5:51  Probe  
  77  5:56  Gateway, Probe  
  77  5:58  Gateway, Probe, Stalker x2  
  77  6:00  Assimilator  
  77  6:02  Pylon  
  77  6:03  Probe  
  83  6:06  Stalker  
  83  6:07  Stalker  
  83  6:08  Probe  
  83  6:10  Probe  
  89  6:13  Pylon  
  89  6:14  Photon Cannon  
  89  6:15  Probe  
  90  6:20  Probe  
  90  6:22  Stalker  
  90  6:23  Stalker  
  88  6:33  Stalker x2  
  88  6:38  Probe x2  
  85  6:42  Gateway  
  85  6:44  Gateway  
  85  6:47  Void Ray, Stalker x2  
  81  6:50  Probe  
  84  6:56  Stalker  
  84  6:57  Stalker x2  
  84  6:59  Probe  
  84  7:00  Probe  
  87  7:02  Probe  
  86  7:09  Stalker  
  86  7:10  Probe  
  86  7:11  Probe  
  86  7:12  Probe  
  91  7:18  Probe  
  91  7:19  Adept x2  
  96  7:23  Probe  
  96  7:24  Probe  
  96  7:28  Probe  
  99  7:39  Stalker x4  
  99  7:43  Nexus  
  107  7:48  Pylon, Probe x2  
  105  8:11  Stalker x4  
  108  8:17  Stalker x2  
  110  8:22  Stalker  
Tags
 
Add a new tag
Caveats
  • Supply blocks, unpowered buildings, or Contaminate may cause inaccurate times.
  • Supply counts are checked every 10 seconds.